Blues vs Stars
(R1)
Created - April 2, 2025 at 19:15
Goals
|
| Blues |
0 |
4 |
0 |
4 |
| Stars |
4 |
1 |
1 |
6 |
|
Shots
|
| Blues |
5 |
21 |
8 |
34 |
| Stars |
12 |
11 |
9 |
32 |
|
1st period
1. Stars , Jake Guentzel 31 (Michael Grabner 29, Sidney Crosby 40) at 8:43 (PP)
2. Stars , Guillaume Latendresse 16 (Andrej Sustr 20, Evgeny Grachev 29) at 9:33 (SH)
3. Stars , Alex Chiasson 15 (Evgeny Grachev 30) at 15:04
4. Stars , Alex Chiasson 16 (Evgeny Grachev 31, Tyler Wotherspoon 11) at 19:22
Penalties :
Andrej Sustr (Dal) for Roughing (Minor) at 2:07, Petter Granberg (Stl) for Interference (Minor) at 7:35, Michael Grabner (Dal) for High sticking (Minor) at 8:52
2nd period
5. Blues , Sean Monahan 21 (Nikolaj Ehlers 25) at 3:36 (PP)
6. Blues , Dominik Simon 8 (Drew Shore 6, Cody Ceci 13) at 11:54
7. Stars , Michael Grabner 18 (Sidney Crosby 41, Jake Guentzel 48) at 14:37 (PP)
8. Blues , Nathan MacKinnon 41 (Jordan Kyrou 17, Filip Forsberg 48) at 18:04 (PP)
9. Blues , Filip Forsberg 37 (Cody Ceci 14, Nathan MacKinnon 56) at 19:45
Penalties :
Andrej Sustr (Dal) for Interference (Minor) at 2:33, Petter Granberg (Stl) for Hooking (Minor) at 5:49, Adam Tambellini (Dal) for Roughing (Minor) at 8:45, Ethan Bear (Stl) for Interference (Minor) at 13:07, Cam Atkinson (Dal) for Tripping (Minor) at 18:01
3rd period
10. Stars , Cam Atkinson 7 (Christopher Tanev 5, Evgeny Kuznetsov 9) at 13:52
Penalties :
Tyler Toffoli (Stl) for Roughing (Minor) at 7:54
Goalie Stats
Jake Oettinger (Stl), 8 saves from 12 shots - (0.667), 19:22 minutes
Carey Price (Stl), 18 saves from 20 shots - (0.900), L, 32-13-2, 40:38 minutes
Matt Murray (Dal), 30 saves from 34 shots - (0.882), W, 18-25-4, 60:00 minutes
Players Stats for Blues
Player Name G A P +/- PIM S H SB GA TA FO MP PP MP PK MP
------------------------------------------------------------------------------------
Cody Ceci 0 2 2 1 0 1 0 3 0 0 0/0 19:59 0:00 4:26
David Perron 0 0 0 -1 0 4 1 0 2 0 0/0 13:08 3:16 0:43
Dominik Simon 1 0 1 0 0 4 0 0 0 0 0/0 8:13 0:00 0:00
Drew Shore 0 1 1 0 0 0 0 1 0 0 7/9 12:19 0:00 3:58
Ethan Bear 0 0 0 -1 2 1 4 0 0 0 0/0 16:42 4:12 0:11
Filip Forsberg 1 1 2 -1 0 3 1 0 0 4 0/0 22:03 3:47 0:57
Ilya Kovalchuk 0 0 0 0 0 0 0 1 0 0 0/0 8:15 0:00 0:00
Jordan Kyrou 0 1 1 0 0 2 4 0 0 0 0/0 12:46 3:47 0:00
Jujhar Khaira 0 0 0 0 0 1 1 1 1 1 0/0 16:27 0:00 3:58
Ladislav Smid 0 0 0 1 0 0 3 2 0 1 0/0 19:05 0:00 4:25
Nathan MacKinnon 1 1 2 -1 0 4 0 0 0 1 13/28 21:26 3:47 0:24
Nikolaj Ehlers 0 1 1 -2 0 1 2 0 0 0 1/1 19:43 3:16 0:00
Petter Granberg 0 0 0 -2 4 1 0 0 0 0 0/0 17:40 2:51 0:49
Sean Monahan 1 0 1 -1 0 3 2 2 0 1 6/11 17:49 3:16 1:55
Seth Jones 0 0 0 -1 0 2 0 0 1 1 0/0 23:58 4:12 2:23
Travis Sanheim 0 0 0 -2 0 3 2 3 0 0 0/0 22:02 2:51 0:58
Tyler Toffoli 0 0 0 0 2 1 1 1 0 0 0/1 14:06 0:00 1:17
Vincent Trocheck 0 0 0 0 0 3 0 0 0 0 3/9 7:39 0:00 0:00
Players Stats for Stars
Player Name G A P +/- PIM S H SB GA TA FO MP PP MP PK MP
------------------------------------------------------------------------------------
Adam Tambellini 0 0 0 -1 2 0 0 0 0 0 0/0 6:55 0:05 0:00
Alex Chiasson 2 0 2 1 0 3 1 1 1 0 0/0 17:47 2:37 0:25
Andrej Sustr 0 1 1 1 4 3 2 2 0 0 0/0 25:30 4:37 2:59
Anton Cederholm 0 0 0 -1 0 0 1 1 0 0 0/0 13:07 0:00 0:17
Ben Chiarot 0 0 0 2 0 0 0 1 2 0 0/0 19:36 1:59 2:01
Cam Atkinson 1 0 1 1 2 4 1 0 0 0 0/0 11:42 0:05 0:00
Christopher Tanev 0 1 1 -1 0 2 0 0 0 0 0/0 13:32 0:00 0:43
Evgeny Grachev 0 3 3 2 0 1 5 0 0 0 1/7 20:08 2:37 2:45
Evgeny Kuznetsov 0 1 1 1 0 1 0 0 1 1 3/5 10:56 0:00 0:00
Guillaume Latendresse 1 0 1 2 0 3 1 1 1 0 0/0 20:02 2:37 2:43
Henrik Borgstrom 0 0 0 -1 0 0 1 0 0 0 0/0 5:20 0:00 0:00
Jake Guentzel 1 1 2 0 0 3 0 0 0 0 0/1 22:26 3:54 4:06
Michael Grabner 1 1 2 0 2 5 1 0 1 0 2/3 18:21 3:54 0:00
Paul Ladue 0 0 0 1 0 3 1 2 0 1 0/0 27:32 4:37 5:00
Scott Kosmachuck 0 0 0 -1 0 1 0 0 0 0 0/0 5:26 0:00 0:00
Sidney Crosby 0 2 2 0 0 2 1 1 2 1 22/42 22:24 3:54 4:07
Tobias Rieder 0 0 0 1 0 0 3 0 1 0 1/1 11:26 0:05 0:00
Tyler Wotherspoon 0 1 1 2 0 1 0 1 0 1 0/0 20:42 1:59 3:06
3 Stars
1 - Evgeny Grachev (Dal)
2 - Alex Chiasson (Dal)
3 - Guillaume Latendresse (Dal)
Power Play
Blues - 2 on 5 Attempt(s) - 40.00%
Stars - 2 on 4 Attempt(s) - 50.00%
Penalty Kill
Blues - 2 on 4 Attempt(s) - 50.00%
- Score 0 goal in Penalty Kill
Stars - 3 on 5 Attempt(s) - 60.00%
- Score 1 goal in Penalty Kill
Team Stat
Blues - Hits : 21 - Faceoff Wins : 30 - Blocked Shots : 14 - Penalty Minutes : 8
Stars - Hits : 18 - Faceoff Wins : 29 - Blocked Shots : 10 - Penalty Minutes : 10
Official
Referees : Michael Markovic and Frederick L'Ecuyer
Linesman : Andrew Smith and Mark Shewchyk
Game Notes
Carey Price enters game at 19:22 of 1st period
7:26 of 3rd period - Blues goal is going for a video replay. After video review, No Goal. The puck has been directed, batted or thrown into the net by an attacking player other than with a stick.
Finance
Level 1 -- Attendance: 5925 (98.75%) -- Ticket Income $592,500
Level 2 -- Attendance: 5000 (100.00%) -- Ticket Income $350,000
Level 3 -- Attendance: 1965 (98.25%) -- Ticket Income $78,600
Level 4 -- Attendance: 4000 (100.00%) -- Ticket Income $120,000
Luxury Box -- Attendance: 947 (94.70%) -- Ticket Income $189,400
Game was played at the American Airlines Center.
Total Attendance: 17837 (99.09%)
Total Ticket Income: $1,330,500
Other Income: $199,575
Total Income: $1,530,075
Blues
5 vs 5 Forward
Center Left Wing Right Wing Time % Phy DF OF
1 Nathan MacKinnon Filip Forsberg Nikolaj Ehlers 40 0 2 3
2 Sean Monahan Jujhar Khaira Tyler Toffoli 30 0 2 3
3 Vincent Trocheck David Perron Jordan Kyrou 20 1 2 2
4 Drew Shore Dominik Simon Ilya Kovalchuk 10 0 3 2
5 vs 5 Defense
Defense Defense Time % Phy DF OF
1 Seth Jones Travis Sanheim 40 1 2 2
2 Petter Granberg Cody Ceci 30 1 2 2
3 Ethan Bear Ladislav Smid 20 1 2 2
4 Ladislav Smid Cody Ceci 10 1 2 2
PowerPlay Forward
Center Left Wing Right Wing Time % Phy DF OF
1 Nathan MacKinnon Filip Forsberg Jordan Kyrou 60 0 2 3
2 Sean Monahan David Perron Nikolaj Ehlers 40 0 2 3
PowerPlay Defense
Defense Defense Time % Phy DF OF
1 Seth Jones Ethan Bear 60 0 2 3
2 Petter Granberg Travis Sanheim 40 0 2 3
Penalty Kill 4 Players Forward
Center Wing Time % Phy DF OF
1 Drew Shore Jujhar Khaira 60 1 3 1
2 Sean Monahan Tyler Toffoli 40 1 3 1
Penalty Kill 4 Players Defense
Defense Defense Time % Phy DF OF
1 Ladislav Smid Cody Ceci 60 1 2 2
2 Petter Granberg Seth Jones 40 1 2 2
Penalty Kill - 3 Players Forward
Forward Time % Phy DF OF
1 Drew Shore 60 1 2 2
2 Sean Monahan 40 1 2 2
Penalty Kill - 3 Players Defense
Defense Defense Time % Phy DF OF
1 Cody Ceci Ladislav Smid 60 1 2 2
2 Seth Jones Petter Granberg 40 1 2 2
4 vs 4 Forward
Center Wing Time % Phy DF OF
1 Nathan MacKinnon Filip Forsberg 60 1 2 2
2 Sean Monahan Nikolaj Ehlers 40 1 2 2
4 vs 4 Defense
Defense Defense Time % Phy DF OF
1 Seth Jones Ladislav Smid 60 1 2 2
2 Cody Ceci Petter Granberg 40 1 2 2
Last Minutes Offensive
Center Left Wing Right Wing Defense Defense
Nathan MacKinnon Filip Forsberg Nikolaj Ehlers Seth Jones Travis Sanheim
Last Minutes Defensive
Center Left Wing Right Wing Defense Defense
Drew Shore Jujhar Khaira Ilya Kovalchuk Ladislav Smid Cody Ceci
Goaltenders
Starting : Jake Oettinger
Backup : Carey Price
Extra Forwards
Normal : Jordan Kyrou, Nikolaj Ehlers, Drew Shore - PP : David Perron, Ilya Kovalchuk - PK : Filip Forsberg
Extra Defensemen
Normal : Cody Ceci, Travis Sanheim, Seth Jones - PP : Cody Ceci - PK : Seth Jones, Travis Sanheim
Penalty Shots
Jordan Kyrou, David Perron, Ilya Kovalchuk, Sean Monahan, Filip Forsberg
Custom OT Lines Forwards
Filip Forsberg, Nathan MacKinnon, Tyler Toffoli, Nikolaj Ehlers, David Perron, Sean Monahan, Vincent Trocheck, Jujhar Khaira, Ilya Kovalchuk, Drew Shore
Custom OT Lines Defensemen
Seth Jones, Petter Granberg, Travis Sanheim, Cody Ceci, Ladislav Smid
Scratches
Josh Morrissey (Torso Injury), Luke Glendening (Healthy)
Stars
5 vs 5 Forward
Center Left Wing Right Wing Time % Phy DF OF
1 Sidney Crosby Jake Guentzel Michael Grabner 40 1 2 2
2 Evgeny Grachev Guillaume Latendresse Alex Chiasson 30 1 2 2
3 Evgeny Kuznetsov Tobias Rieder Cam Atkinson 20 1 2 2
4 Henrik Borgstrom Adam Tambellini Scott Kosmachuck 10 1 2 2
5 vs 5 Defense
Defense Defense Time % Phy DF OF
1 Andrej Sustr Paul Ladue 40 1 2 2
2 Ben Chiarot Tyler Wotherspoon 30 1 2 2
3 Christopher Tanev Anton Cederholm 20 1 2 2
4 Andrej Sustr Paul Ladue 10 1 2 2
PowerPlay Forward
Center Left Wing Right Wing Time % Phy DF OF
1 Sidney Crosby Jake Guentzel Michael Grabner 60 0 2 3
2 Evgeny Grachev Guillaume Latendresse Alex Chiasson 40 0 2 3
PowerPlay Defense
Defense Defense Time % Phy DF OF
1 Andrej Sustr Paul Ladue 60 1 2 2
2 Ben Chiarot Tyler Wotherspoon 40 1 2 2
Penalty Kill 4 Players Forward
Center Wing Time % Phy DF OF
1 Sidney Crosby Jake Guentzel 60 1 2 2
2 Evgeny Grachev Guillaume Latendresse 40 1 2 2
Penalty Kill 4 Players Defense
Defense Defense Time % Phy DF OF
1 Andrej Sustr Paul Ladue 60 0 3 2
2 Ben Chiarot Tyler Wotherspoon 40 0 3 2
Penalty Kill - 3 Players Forward
Forward Time % Phy DF OF
1 Sidney Crosby 60 1 2 2
2 Evgeny Grachev 40 1 2 2
Penalty Kill - 3 Players Defense
Defense Defense Time % Phy DF OF
1 Andrej Sustr Paul Ladue 60 0 3 2
2 Ben Chiarot Tyler Wotherspoon 40 0 3 2
4 vs 4 Forward
Center Wing Time % Phy DF OF
1 Sidney Crosby Jake Guentzel 60 0 2 3
2 Evgeny Grachev Guillaume Latendresse 40 0 2 3
4 vs 4 Defense
Defense Defense Time % Phy DF OF
1 Andrej Sustr Paul Ladue 60 1 2 2
2 Ben Chiarot Tyler Wotherspoon 40 1 2 2
Last Minutes Offensive
Center Left Wing Right Wing Defense Defense
Sidney Crosby Jake Guentzel Michael Grabner Andrej Sustr Paul Ladue
Last Minutes Defensive
Center Left Wing Right Wing Defense Defense
Sidney Crosby Jake Guentzel Michael Grabner Andrej Sustr Paul Ladue
Goaltenders
Starting : Matt Murray
Backup : Michael Houser
Extra Forwards
Normal : Alex Chiasson, Tobias Rieder, Evgeny Grachev - PP : Alex Chiasson, Tobias Rieder - PK : Alex Chiasson
Extra Defensemen
Normal : Tyler Wotherspoon, Christopher Tanev, Anton Cederholm - PP : Tyler Wotherspoon - PK : Tyler Wotherspoon, Christopher Tanev
Penalty Shots
Sidney Crosby, Jake Guentzel, Michael Grabner, Guillaume Latendresse, Alex Chiasson
Custom OT Lines Forwards
Sidney Crosby, Jake Guentzel, Michael Grabner, Guillaume Latendresse, Alex Chiasson, Tobias Rieder, Evgeny Grachev, Cam Atkinson, Scott Kosmachuck, Evgeny Kuznetsov
Custom OT Lines Defensemen
Andrej Sustr, Paul Ladue, Ben Chiarot, Tyler Wotherspoon, Christopher Tanev
Scratches
Wiley Sherman (Healthy)
% Time on Ice - Blues
Lines # - Real PCT - Wanted PCT - Time Play
Normal Forward
1 - 37% - 40% - 17:09
2 - 30% - 30% - 14:07
3 - 16% - 20% - 7:15
4 - 17% - 10% - 7:50
Normal Defense
1 - 39% - 40% - 17:55
2 - 30% - 30% - 14:01
3 - 26% - 20% - 11:57
4 - 5% - 10% - 2:28
PP Forward
1 - 54% - 60% - 3:47
2 - 46% - 40% - 3:16
PP Defense
1 - 60% - 60% - 4:12
2 - 40% - 40% - 2:51
PK Forward
1 - 71% - 60% - 4:41
2 - 29% - 40% - 1:55
PK Defense
1 - 64% - 60% - 4:14
2 - 36% - 40% - 2:22
PK3 Forward
1 - 0% - 60%
2 - 0% - 40%
PK3 Defense
1 - 0% - 60%
2 - 0% - 40%
44 Forward
1 - 0% - 60%
2 - 0% - 40%
44 Defense
1 - 0% - 60%
2 - 0% - 40%
Last Minute Offensive - 0:00
Last Minute Defensive - 0:00
Total
Forward - 60:00
Defense - 60:00
|
% Time on Ice - Stars
Lines # - Real PCT - Wanted PCT - Time Play
Normal Forward
1 - 33% - 40% - 15:19
2 - 33% - 30% - 15:28
3 - 22% - 20% - 10:25
4 - 11% - 10% - 5:09
Normal Defense
1 - 38% - 40% - 17:43
2 - 34% - 30% - 15:36
3 - 28% - 20% - 12:49
4 - 0% - 10% - 0:13
PP Forward
1 - 60% - 60% - 3:59
2 - 40% - 40% - 2:37
PP Defense
1 - 70% - 60% - 4:37
2 - 30% - 40% - 1:59
PK Forward
1 - 61% - 60% - 4:20
2 - 39% - 40% - 2:43
PK Defense
1 - 71% - 60% - 5:02
2 - 29% - 40% - 2:01
PK3 Forward
1 - 0% - 60%
2 - 0% - 40%
PK3 Defense
1 - 0% - 60%
2 - 0% - 40%
44 Forward
1 - 0% - 60%
2 - 0% - 40%
44 Defense
1 - 0% - 60%
2 - 0% - 40%
Last Minute Offensive - 0:00
Last Minute Defensive - 0:00
Total
Forward - 60:00
Defense - 60:00
|
Play-by-Play
1st period
0:01 of 1st period - Sidney Crosby wins face-off versus Nathan MacKinnon in neutral zone.
0:41 of 1st period - Snap shot by Cam Atkinson.
0:41 of 1st period - Stopped by Jake Oettinger without a rebound.
0:42 of 1st period - Sean Monahan wins face-off versus Evgeny Grachev in Blues zone.
0:47 of 1st period - Snap shot by Sean Monahan.
0:47 of 1st period - Shot Misses the Net.
1:16 of 1st period - Drew Shore is hit by Evgeny Grachev and loses puck.
1:21 of 1st period - Snap shot by Evgeny Grachev.
1:21 of 1st period - Deflect By Dominik Simon.
1:21 of 1st period - Shot Misses the Net.
1:21 of 1st period - Puck is out of play.
1:22 of 1st period - Vincent Trocheck wins face-off versus Sidney Crosby in Blues zone.
1:22 of 1st period - Vincent Trocheck is hit by Michael Grabner.
1:51 of 1st period - Slapshot by Scott Kosmachuck.
1:51 of 1st period - Stopped by Jake Oettinger with a rebound.
1:53 of 1st period - Snap shot by Paul Ladue.
1:53 of 1st period - Stopped by Jake Oettinger with a rebound.
2:07 of 1st period - Minor Penalty to Andrej Sustr for Roughing.
2:08 of 1st period - Sidney Crosby wins face-off versus Nathan MacKinnon in Stars zone.
2:41 of 1st period - Slapshot by Seth Jones.
2:41 of 1st period - Shot Blocked by Ben Chiarot.
2:43 of 1st period - Slapshot by David Perron.
2:43 of 1st period - Stopped by Matt Murray with a rebound.
2:45 of 1st period - Snap shot by Sean Monahan.
2:45 of 1st period - Shot Misses the Net.
4:07 of 1st period - Penalty to Andrej Sustr is over, Andrej Sustr is back on ice.
4:14 of 1st period - Travis Sanheim is hit by Cam Atkinson.
5:58 of 1st period - Icing by Paul Ladue.
5:59 of 1st period - Nathan MacKinnon wins face-off versus Evgeny Kuznetsov in Stars zone.
6:20 of 1st period - Snap shot by Dominik Simon.
6:20 of 1st period - Stopped by Matt Murray with a rebound.
6:30 of 1st period - Snap shot by Drew Shore.
6:30 of 1st period - Shot Blocked by Andrej Sustr.
6:47 of 1st period - Snap shot by Alex Chiasson.
6:47 of 1st period - Shot Misses the Net.
6:49 of 1st period - Snap shot by Evgeny Grachev.
6:49 of 1st period - Shot Blocked by Sean Monahan.
6:51 of 1st period - Snap shot by Alex Chiasson.
6:51 of 1st period - Shot Misses the Net.
6:55 of 1st period - Snap shot by Evgeny Grachev.
6:55 of 1st period - Shot Misses the Net.
7:35 of 1st period - Minor Penalty to Petter Granberg for Interference.
7:36 of 1st period - Drew Shore wins face-off versus Sidney Crosby in Blues zone.
7:47 of 1st period - Snap shot by Michael Grabner.
7:47 of 1st period - Deflect By Jake Guentzel.
7:47 of 1st period - Shot Blocked by Jujhar Khaira.
7:47 of 1st period - Puck is out of play.
7:48 of 1st period - Sidney Crosby wins face-off versus Drew Shore in Blues zone.
8:19 of 1st period - Slapshot by Guillaume Latendresse.
8:19 of 1st period - Stopped by Jake Oettinger with a rebound.
8:27 of 1st period - Snap shot by Alex Chiasson.
8:27 of 1st period - Stopped by Jake Oettinger with a rebound.
8:29 of 1st period - Snap shot by Guillaume Latendresse.
8:29 of 1st period - Deflect By Evgeny Grachev.
8:29 of 1st period - Shot Blocked by Drew Shore.
8:29 of 1st period - Puck is out of play.
8:30 of 1st period - Michael Grabner wins face-off versus Tyler Toffoli in Blues zone.
8:39 of 1st period - Snap shot by Jake Guentzel.
8:39 of 1st period - Shot Blocked by Sean Monahan.
8:41 of 1st period - Wrist shot by Michael Grabner.
8:41 of 1st period - Shot Misses the Net.
8:43 of 1st period - Snap shot by Jake Guentzel.
8:43 of 1st period - Goal by Jake Guentzel - Blues : 0 - Stars : 1.
8:44 of 1st period - Nathan MacKinnon wins face-off versus Sidney Crosby in neutral zone.
8:52 of 1st period - Minor Penalty to Michael Grabner for High sticking.
8:53 of 1st period - Sidney Crosby wins face-off versus Nathan MacKinnon in Stars zone.
9:03 of 1st period - Sidney Crosby is hit by Jordan Kyrou and loses puck.
9:29 of 1st period - Wrist shot by Evgeny Grachev.
9:29 of 1st period - Shot Blocked by Travis Sanheim.
9:31 of 1st period - Slapshot by Andrej Sustr.
9:31 of 1st period - Shot Blocked by Travis Sanheim.
9:33 of 1st period - Snap shot by Guillaume Latendresse.
9:33 of 1st period - Goal by Guillaume Latendresse - Blues : 0 - Stars : 2.
9:34 of 1st period - Sidney Crosby wins face-off versus Nathan MacKinnon in neutral zone.
9:37 of 1st period - Wrist shot by Jake Guentzel.
9:37 of 1st period - Stopped by Jake Oettinger without a rebound.
9:38 of 1st period - Nathan MacKinnon wins face-off versus Sidney Crosby in Blues zone.
10:07 of 1st period - Andrej Sustr is hit by Ethan Bear.
10:19 of 1st period - Slapshot by Sean Monahan.
10:19 of 1st period - Shot Misses the Net.
10:52 of 1st period - Penalty to Michael Grabner is over, Michael Grabner is back on ice.
11:30 of 1st period - Wrist shot by Filip Forsberg.
11:30 of 1st period - Stopped by Matt Murray with a rebound.
11:32 of 1st period - Slapshot by Travis Sanheim.
11:32 of 1st period - Deflect By Nathan MacKinnon.
11:32 of 1st period - Shot Misses the Net.
11:32 of 1st period - Puck is out of play.
11:33 of 1st period - Sean Monahan wins face-off versus Evgeny Kuznetsov in Stars zone.
11:41 of 1st period - Off-side.
11:42 of 1st period - Evgeny Kuznetsov wins face-off versus Sean Monahan in neutral zone.
12:04 of 1st period - Evgeny Kuznetsov is hit by Jujhar Khaira and loses puck.
12:31 of 1st period - Sean Monahan is hit by Tobias Rieder and loses puck.
12:54 of 1st period - Snap shot by Cam Atkinson.
12:54 of 1st period - Stopped by Jake Oettinger with a rebound.
12:56 of 1st period - Slapshot by Tyler Wotherspoon.
12:56 of 1st period - Deflect By Tyler Toffoli.
12:56 of 1st period - Stopped by Jake Oettinger without a rebound.
12:57 of 1st period - Sidney Crosby wins face-off versus Nathan MacKinnon in Blues zone.
13:04 of 1st period - Sidney Crosby is hit by Nikolaj Ehlers.
13:24 of 1st period - Travis Sanheim is hit by Evgeny Grachev and loses puck.
14:13 of 1st period - Wrist shot by Nathan MacKinnon.
14:13 of 1st period - Stopped by Matt Murray without a rebound.
14:14 of 1st period - Nathan MacKinnon wins face-off versus Evgeny Grachev in Stars zone.
14:30 of 1st period - Off-side.
14:31 of 1st period - Sidney Crosby wins face-off versus Vincent Trocheck in neutral zone.
14:38 of 1st period - Snap shot by Sidney Crosby.
14:38 of 1st period - Shot Blocked by Travis Sanheim.
14:58 of 1st period - Filip Forsberg is hit by Evgeny Grachev.
15:04 of 1st period - Wrist shot by Alex Chiasson.
15:04 of 1st period - Goal by Alex Chiasson - Blues : 0 - Stars : 3.
15:05 of 1st period - Nathan MacKinnon wins face-off versus Sidney Crosby in neutral zone.
15:32 of 1st period - Guillaume Latendresse is hit by Jordan Kyrou and loses puck.
16:05 of 1st period - Petter Granberg is hit by Guillaume Latendresse and loses puck.
16:20 of 1st period - Snap shot by Evgeny Grachev.
16:20 of 1st period - Shot Blocked by Tyler Toffoli.
16:49 of 1st period - Wrist shot by Alex Chiasson.
16:49 of 1st period - Shot Blocked by Cody Ceci.
17:03 of 1st period - Wrist shot by Nikolaj Ehlers.
17:03 of 1st period - Shot Blocked by Tyler Wotherspoon.
19:04 of 1st period - Snap shot by Nikolaj Ehlers.
19:04 of 1st period - Shot Misses the Net.
19:22 of 1st period - Wrist shot by Alex Chiasson.
19:22 of 1st period - Goal by Alex Chiasson - Blues : 0 - Stars : 4.
19:22 of 1st period - Carey Price enters game.
19:23 of 1st period - Sean Monahan wins face-off versus Sidney Crosby in neutral zone.
19:32 of 1st period - Slapshot by Seth Jones.
19:32 of 1st period - Stopped by Matt Murray without a rebound.
19:33 of 1st period - Sean Monahan wins face-off versus Sidney Crosby in Stars zone.
19:38 of 1st period - Snap shot by Sean Monahan.
19:38 of 1st period - Shot Blocked by Paul Ladue.
Goals for this period are 0 for Blues vs 4 for Stars.
Shots for this period are 5 for Blues vs 12 for Stars.
2nd period
0:01 of 2nd period - Sidney Crosby wins face-off versus Vincent Trocheck in neutral zone.
1:19 of 2nd period - Wrist shot by Vincent Trocheck.
1:19 of 2nd period - Shot Blocked by Alex Chiasson.
1:31 of 2nd period - Snap shot by Evgeny Grachev.
1:31 of 2nd period - Stopped by Carey Price with a rebound.
2:02 of 2nd period - Slapshot by Evgeny Grachev.
2:02 of 2nd period - Deflect By Guillaume Latendresse.
2:02 of 2nd period - Stopped by Carey Price without a rebound.
2:03 of 2nd period - Nathan MacKinnon wins face-off versus Michael Grabner in Blues zone.
2:10 of 2nd period - Snap shot by Filip Forsberg.
2:10 of 2nd period - Shot Misses the Net.
2:12 of 2nd period - Wrist shot by Filip Forsberg.
2:12 of 2nd period - Stopped by Matt Murray without a rebound.
2:13 of 2nd period - Sidney Crosby wins face-off versus Nathan MacKinnon in Stars zone.
2:17 of 2nd period - Off-side.
2:18 of 2nd period - Nikolaj Ehlers wins face-off versus Sidney Crosby in neutral zone.
2:24 of 2nd period - Off-side.
2:25 of 2nd period - Nathan MacKinnon wins face-off versus Sidney Crosby in neutral zone.
2:33 of 2nd period - Minor Penalty to Andrej Sustr for Interference.
2:34 of 2nd period - Sidney Crosby wins face-off versus Nathan MacKinnon in Stars zone.
3:06 of 2nd period - Jake Guentzel is hit by Ethan Bear and loses puck.
3:11 of 2nd period - Wrist shot by Sean Monahan.
3:11 of 2nd period - Stopped by Matt Murray without a rebound.
3:12 of 2nd period - Sidney Crosby wins face-off versus Nathan MacKinnon in Stars zone.
3:27 of 2nd period - Evgeny Grachev is hit by Sean Monahan and loses puck.
3:36 of 2nd period - Slapshot by Sean Monahan.
3:36 of 2nd period - Deflect By Paul Ladue.
3:36 of 2nd period - Goal by Sean Monahan - Blues : 1 - Stars : 4.
3:37 of 2nd period - Nathan MacKinnon wins face-off versus Sidney Crosby in neutral zone.
3:40 of 2nd period - Slapshot by Seth Jones.
3:40 of 2nd period - Shot Blocked by Anton Cederholm.
3:48 of 2nd period - Nikolaj Ehlers is hit by Anton Cederholm and loses puck.
3:53 of 2nd period - Wrist shot by Michael Grabner.
3:53 of 2nd period - Stopped by Carey Price with a rebound.
4:25 of 2nd period - Anton Cederholm is hit by Ethan Bear and loses puck.
4:46 of 2nd period - Michael Grabner is hit by Ladislav Smid and loses puck.
4:51 of 2nd period - Snap shot by Dominik Simon.
4:51 of 2nd period - Stopped by Matt Murray with a rebound.
4:53 of 2nd period - Slapshot by Petter Granberg.
4:53 of 2nd period - Stopped by Matt Murray with a rebound.
5:49 of 2nd period - Minor Penalty to Petter Granberg for Hooking.
5:50 of 2nd period - Drew Shore wins face-off versus Sidney Crosby in Blues zone.
6:26 of 2nd period - Slapshot by Paul Ladue.
6:26 of 2nd period - Shot Misses the Net.
6:28 of 2nd period - Slapshot by Paul Ladue.
6:28 of 2nd period - Stopped by Carey Price with a rebound.
7:49 of 2nd period - Penalty to Petter Granberg is over, Petter Granberg is back on ice.
8:03 of 2nd period - Slapshot by Andrej Sustr.
8:03 of 2nd period - Stopped by Carey Price without a rebound.
8:04 of 2nd period - Evgeny Kuznetsov wins face-off versus Vincent Trocheck in Blues zone.
8:15 of 2nd period - Snap shot by Tobias Rieder.
8:15 of 2nd period - Shot Misses the Net.
8:45 of 2nd period - Minor Penalty to Adam Tambellini for Roughing.
8:46 of 2nd period - Sidney Crosby wins face-off versus Nathan MacKinnon in Stars zone.
9:19 of 2nd period - Snap shot by Nikolaj Ehlers.
9:19 of 2nd period - Shot Blocked by Guillaume Latendresse.
9:21 of 2nd period - Slapshot by Ethan Bear.
9:21 of 2nd period - Stopped by Matt Murray without a rebound.
9:22 of 2nd period - Sean Monahan wins face-off versus Evgeny Grachev in Stars zone.
9:25 of 2nd period - Slapshot by Nikolaj Ehlers.
9:25 of 2nd period - Stopped by Matt Murray without a rebound.
9:26 of 2nd period - Sean Monahan wins face-off versus Evgeny Grachev in Stars zone.
9:33 of 2nd period - Wrist shot by Nikolaj Ehlers.
9:33 of 2nd period - Shot Misses the Net.
9:47 of 2nd period - Snap shot by David Perron.
9:47 of 2nd period - Stopped by Matt Murray with a rebound.
9:49 of 2nd period - Wrist shot by Sean Monahan.
9:49 of 2nd period - Stopped by Matt Murray without a rebound.
9:50 of 2nd period - Sidney Crosby wins face-off versus Nathan MacKinnon in Stars zone.
9:59 of 2nd period - Sidney Crosby is hit by Jordan Kyrou and loses puck.
10:15 of 2nd period - Off-side.
10:16 of 2nd period - Sidney Crosby wins face-off versus Sean Monahan in neutral zone.
10:45 of 2nd period - Penalty to Adam Tambellini is over, Adam Tambellini is back on ice.
10:53 of 2nd period - Snap shot by Tyler Toffoli.
10:53 of 2nd period - Shot Misses the Net.
10:55 of 2nd period - Slapshot by Ethan Bear.
10:55 of 2nd period - Shot Misses the Net.
11:15 of 2nd period - Wrist shot by Andrej Sustr.
11:15 of 2nd period - Stopped by Carey Price without a rebound.
11:16 of 2nd period - Drew Shore wins face-off versus Evgeny Grachev in Blues zone.
11:54 of 2nd period - Wrist shot by Dominik Simon.
11:54 of 2nd period - Goal by Dominik Simon - Blues : 2 - Stars : 4.
11:55 of 2nd period - Sidney Crosby wins face-off versus Sean Monahan in neutral zone.
11:58 of 2nd period - Snap shot by Michael Grabner.
11:58 of 2nd period - Stopped by Carey Price with a rebound.
12:00 of 2nd period - Slapshot by Paul Ladue.
12:00 of 2nd period - Stopped by Carey Price with a rebound.
12:36 of 2nd period - Slapshot by Sean Monahan.
12:36 of 2nd period - Shot Misses the Net.
12:48 of 2nd period - Wrist shot by Alex Chiasson.
12:48 of 2nd period - Shot Misses the Net.
12:54 of 2nd period - Slapshot by Travis Sanheim.
12:54 of 2nd period - Stopped by Matt Murray without a rebound.
12:55 of 2nd period - Nathan MacKinnon wins face-off versus Sidney Crosby in Stars zone.
13:07 of 2nd period - Minor Penalty to Ethan Bear for Interference.
13:08 of 2nd period - Drew Shore wins face-off versus Sidney Crosby in Blues zone.
13:14 of 2nd period - Slapshot by Cody Ceci.
13:14 of 2nd period - Deflect By Jujhar Khaira.
13:14 of 2nd period - Shot Misses the Net.
13:14 of 2nd period - Puck is out of play.
13:15 of 2nd period - Drew Shore wins face-off versus Sidney Crosby in Stars zone.
13:36 of 2nd period - Slapshot by Michael Grabner.
13:36 of 2nd period - Stopped by Carey Price without a rebound.
13:37 of 2nd period - Drew Shore wins face-off versus Evgeny Grachev in Blues zone.
13:54 of 2nd period - Snap shot by Evgeny Grachev.
13:54 of 2nd period - Deflect By Guillaume Latendresse.
13:54 of 2nd period - Shot Blocked by Ladislav Smid.
13:54 of 2nd period - Puck is out of play.
13:55 of 2nd period - Drew Shore wins face-off versus Sidney Crosby in Blues zone.
13:55 of 2nd period - Drew Shore is hit by Paul Ladue.
14:35 of 2nd period - Snap shot by Sidney Crosby.
14:35 of 2nd period - Stopped by Carey Price with a rebound.
14:37 of 2nd period - Snap shot by Michael Grabner.
14:37 of 2nd period - Goal by Michael Grabner - Blues : 2 - Stars : 5.
14:38 of 2nd period - Sidney Crosby wins face-off versus Nathan MacKinnon in neutral zone.
14:53 of 2nd period - Backhand shot by Nikolaj Ehlers.
14:53 of 2nd period - Shot Misses the Net.
15:30 of 2nd period - Ben Chiarot is hit by Sean Monahan and loses puck.
15:55 of 2nd period - Snap shot by Jujhar Khaira.
15:55 of 2nd period - Stopped by Matt Murray without a rebound.
15:56 of 2nd period - Sidney Crosby wins face-off versus Nathan MacKinnon in Stars zone.
15:56 of 2nd period - Sidney Crosby is hit by Ethan Bear.
16:54 of 2nd period - Wrist shot by Dominik Simon.
16:54 of 2nd period - Stopped by Matt Murray with a rebound.
17:20 of 2nd period - Anton Cederholm is hit by Ladislav Smid and loses puck.
17:46 of 2nd period - Jujhar Khaira is hit by Alex Chiasson.
18:01 of 2nd period - Minor Penalty to Cam Atkinson for Tripping.
18:02 of 2nd period - Nathan MacKinnon wins face-off versus Sidney Crosby in Stars zone.
18:04 of 2nd period - Wrist shot by Jordan Kyrou.
18:04 of 2nd period - Deflect By Nathan MacKinnon.
18:04 of 2nd period - Goal by Nathan MacKinnon - Blues : 3 - Stars : 5.
18:05 of 2nd period - Nathan MacKinnon wins face-off versus Sidney Crosby in neutral zone.
18:37 of 2nd period - Slapshot by Seth Jones.
18:37 of 2nd period - Stopped by Matt Murray without a rebound.
18:38 of 2nd period - Evgeny Kuznetsov wins face-off versus Sean Monahan in Stars zone.
18:47 of 2nd period - Slapshot by Tyler Wotherspoon.
18:47 of 2nd period - Shot Blocked by Cody Ceci.
18:49 of 2nd period - Wrist shot by Cam Atkinson.
18:49 of 2nd period - Shot Blocked by Cody Ceci.
19:26 of 2nd period - Nikolaj Ehlers is hit by Andrej Sustr and loses puck.
19:41 of 2nd period - Snap shot by Nathan MacKinnon.
19:41 of 2nd period - Stopped by Matt Murray with a rebound.
19:43 of 2nd period - Slapshot by Cody Ceci.
19:43 of 2nd period - Stopped by Matt Murray with a rebound.
19:45 of 2nd period - Slapshot by Filip Forsberg.
19:45 of 2nd period - Goal by Filip Forsberg - Blues : 4 - Stars : 5.
19:46 of 2nd period - Vincent Trocheck wins face-off versus Sidney Crosby in neutral zone.
19:51 of 2nd period - Snap shot by Travis Sanheim.
19:51 of 2nd period - Stopped by Matt Murray with a rebound.
19:53 of 2nd period - Slapshot by Jordan Kyrou.
19:53 of 2nd period - Shot Blocked by Paul Ladue.
19:55 of 2nd period - Snap shot by Vincent Trocheck.
19:55 of 2nd period - Stopped by Matt Murray with a rebound.
19:57 of 2nd period - Snap shot by Travis Sanheim.
19:57 of 2nd period - Deflect By Michael Grabner.
19:57 of 2nd period - Stopped by Matt Murray with a rebound.
19:59 of 2nd period - Slapshot by Travis Sanheim.
19:59 of 2nd period - Shot Blocked by Sidney Crosby.
Goals for this period are 4 for Blues vs 1 for Stars.
Shots for this period are 21 for Blues vs 11 for Stars.
3rd period
0:01 of 3rd period - Sidney Crosby wins face-off versus Nathan MacKinnon in neutral zone.
0:26 of 3rd period - Nikolaj Ehlers is hit by Evgeny Grachev and loses puck.
0:40 of 3rd period - Slapshot by Andrej Sustr.
0:40 of 3rd period - Stopped by Carey Price with a rebound.
1:36 of 3rd period - Snap shot by Filip Forsberg.
1:36 of 3rd period - Deflect By Nathan MacKinnon.
1:36 of 3rd period - Shot Blocked by Andrej Sustr.
1:36 of 3rd period - Puck is out of play.
1:37 of 3rd period - Evgeny Grachev wins face-off versus Vincent Trocheck in Stars zone.
2:28 of 3rd period - Snap shot by Jake Guentzel.
2:28 of 3rd period - Stopped by Carey Price without a rebound.
2:29 of 3rd period - Sidney Crosby wins face-off versus Sean Monahan in Blues zone.
2:36 of 3rd period - Wrist shot by Jake Guentzel.
2:36 of 3rd period - Deflect By Michael Grabner.
2:36 of 3rd period - Stopped by Carey Price with a rebound.
2:38 of 3rd period - Snap shot by Michael Grabner.
2:38 of 3rd period - Shot Misses the Net.
2:40 of 3rd period - Snap shot by Sidney Crosby.
2:40 of 3rd period - Shot Misses the Net.
2:42 of 3rd period - Snap shot by Sidney Crosby.
2:42 of 3rd period - Stopped by Carey Price without a rebound.
2:43 of 3rd period - Vincent Trocheck wins face-off versus Jake Guentzel in Blues zone.
2:56 of 3rd period - Christopher Tanev is hit by Travis Sanheim and loses puck.
3:23 of 3rd period - Snap shot by Tyler Toffoli.
3:23 of 3rd period - Stopped by Matt Murray without a rebound.
3:24 of 3rd period - Nathan MacKinnon wins face-off versus Sidney Crosby in Stars zone.
3:29 of 3rd period - Snap shot by Nathan MacKinnon.
3:29 of 3rd period - Stopped by Matt Murray without a rebound.
3:30 of 3rd period - Nathan MacKinnon wins face-off versus Sidney Crosby in Stars zone.
4:11 of 3rd period - Slapshot by Sean Monahan.
4:11 of 3rd period - Shot Misses the Net.
4:31 of 3rd period - Slapshot by Guillaume Latendresse.
4:31 of 3rd period - Shot Misses the Net.
6:47 of 3rd period - Anton Cederholm is hit by Travis Sanheim and loses puck.
7:08 of 3rd period - Snap shot by Vincent Trocheck.
7:08 of 3rd period - Stopped by Matt Murray with a rebound.
7:10 of 3rd period - Snap shot by David Perron.
7:10 of 3rd period - Stopped by Matt Murray with a rebound.
7:12 of 3rd period - Slapshot by Travis Sanheim.
7:12 of 3rd period - Deflect By Jordan Kyrou.
7:12 of 3rd period - Stopped by Matt Murray without a rebound.
7:13 of 3rd period - Sidney Crosby wins face-off versus Vincent Trocheck in Stars zone.
7:22 of 3rd period - Wrist shot by Jordan Kyrou.
7:22 of 3rd period - Stopped by Matt Murray with a rebound.
7:24 of 3rd period - Wrist shot by Vincent Trocheck.
7:24 of 3rd period - Stopped by Matt Murray with a rebound.
7:26 of 3rd period - Snap shot by David Perron.
7:26 of 3rd period - Blues goal is going for a video replay.
7:26 of 3rd period - The goal is refused. The puck has been directed, batted or thrown into the net by an attacking player other than with a stick..
7:27 of 3rd period - Michael Grabner wins face-off versus Nathan MacKinnon in Stars zone.
7:54 of 3rd period - Minor Penalty to Tyler Toffoli for Roughing.
7:55 of 3rd period - Sidney Crosby wins face-off versus Drew Shore in Blues zone.
9:18 of 3rd period - Filip Forsberg is hit by Sidney Crosby and loses puck.
9:54 of 3rd period - Penalty to Tyler Toffoli is over, Tyler Toffoli is back on ice.
9:58 of 3rd period - Icing by Paul Ladue.
9:59 of 3rd period - Tobias Rieder wins face-off versus Vincent Trocheck in Stars zone.
10:25 of 3rd period - Travis Sanheim is hit by Henrik Borgstrom and loses puck.
12:48 of 3rd period - Ilya Kovalchuk is hit by Tobias Rieder and loses puck.
12:53 of 3rd period - Snap shot by Tobias Rieder.
12:53 of 3rd period - Shot Blocked by Ladislav Smid.
12:55 of 3rd period - Slapshot by Christopher Tanev.
12:55 of 3rd period - Stopped by Carey Price with a rebound.
12:57 of 3rd period - Wrist shot by Christopher Tanev.
12:57 of 3rd period - Deflect By Dominik Simon.
12:57 of 3rd period - Stopped by Carey Price with a rebound.
12:59 of 3rd period - Wrist shot by Tobias Rieder.
12:59 of 3rd period - Shot Misses the Net.
13:01 of 3rd period - Snap shot by Evgeny Kuznetsov.
13:01 of 3rd period - Stopped by Carey Price with a rebound.
13:03 of 3rd period - Wrist shot by Anton Cederholm.
13:03 of 3rd period - Shot Blocked by Ilya Kovalchuk.
13:05 of 3rd period - Slapshot by Christopher Tanev.
13:05 of 3rd period - Shot Misses the Net.
13:19 of 3rd period - Tobias Rieder is hit by Ladislav Smid and loses puck.
13:48 of 3rd period - Slapshot by Cam Atkinson.
13:48 of 3rd period - Stopped by Carey Price with a rebound.
13:50 of 3rd period - Slapshot by Christopher Tanev.
13:50 of 3rd period - Shot Misses the Net.
13:52 of 3rd period - Snap shot by Cam Atkinson.
13:52 of 3rd period - Goal by Cam Atkinson - Blues : 4 - Stars : 6.
13:53 of 3rd period - Sidney Crosby wins face-off versus Nathan MacKinnon in neutral zone.
14:00 of 3rd period - Snap shot by Sidney Crosby.
14:00 of 3rd period - Shot Misses the Net.
14:02 of 3rd period - Slapshot by Sidney Crosby.
14:02 of 3rd period - Shot Misses the Net.
14:20 of 3rd period - Travis Sanheim is hit by Andrej Sustr and loses puck.
15:30 of 3rd period - Tyler Toffoli is hit by Evgeny Grachev and loses puck.
15:45 of 3rd period - Guillaume Latendresse is hit by David Perron and loses puck.
16:05 of 3rd period - Jake Guentzel is hit by Filip Forsberg and loses puck.
16:23 of 3rd period - Ben Chiarot is hit by Tyler Toffoli and loses puck.
17:03 of 3rd period - Evgeny Grachev is hit by Nikolaj Ehlers and loses puck.
17:48 of 3rd period - Andrej Sustr is hit by Jordan Kyrou and loses puck.
18:46 of 3rd period - Tyler Toffoli is hit by Tobias Rieder and loses puck.
Goals for this period are 0 for Blues vs 1 for Stars.
Shots for this period are 8 for Blues vs 9 for Stars.